 Dungeon Crawl Stone Soup version 0.31-a0-187-gba352fbbf7 (webtiles) character file.

Game seed: 15444405784988433419

35 qw the Shooter (level 3, -1/20 HPs)
             Began as a Deep Elf Hunter on June 22, 2023.
             Slain by an adder (2 damage)
             ... on level 2 of the Dungeon.
             The game lasted 00:00:18 (869 turns).

qw the Shooter (Deep Elf Hunter)                     Turns: 869, Time: 00:00:18

Health: -1/20      AC:  5    Str: 10    XL:     3   Next: 17%
Magic:  5/5        EV: 11    Int: 13    God:
Gold:   85         SH:  0    Dex: 18    Spells: 2/2 levels left

rFire   . . .        Y - +0 shortbow
rCold   . . .        (shield currently unavailable)
rNeg    . . .        h - +0 ring mail
rPois   .            (no helmet)
rElec   .            (no cloak)
rCorr   .            (no gloves)
SInv    .            (no boots)
Will    .....        (no amulet)
Stlth   +            (no ring)
HPRegen 0.23/turn    (no ring)
MPRegen 0.09/turn

%: no passive effects
@: lethally poisoned (-1 -> -4)
A: no striking features
a: no special abilities


You were on level 2 of the Dungeon.
You visited 1 branch of the dungeon, and saw 2 of its levels.

You collected 85 gold pieces.


   Skills:
 - Level 1.5 Fighting
 + Level 6.8 Ranged Weapons
 - Level 2.4 Dodging
 - Level 1.2 Stealth


You had 2 spell levels left.
You didn't know any spells.
Your spell library was empty.

Inventory:

Hand Weapons
 Y - a +0 shortbow (weapon)
Armour
 h - a +0 ring mail (worn)
Jewellery
 d - a ring of fire
Scrolls
 a - a scroll of identify
Potions
 e - a potion of might {unknown}

Dungeon Overview and Level Annotations

Branches:
Dungeon (2/15)

Altars:


Message History

The frilled lizard hisses angrily.
The arrow hits the adder.
The adder is moderately wounded.
The adder bites you but does no damage. The adder barely misses you.
You shoot an arrow. The arrow hits the adder.
The adder is severely wounded.
The adder barely misses you. The adder bites you but does no damage.
The adder bites you. The adder bites you but does no damage.
You shoot an arrow. The arrow hits the adder.
The adder is almost dead.
The adder bites you. The adder completely misses you.
The adder closely misses you.
You shoot an arrow. The arrow misses the adder.
The arrow hits the frilled lizard.
You kill the frilled lizard!
The adder closely misses you. x2; The adder barely misses you.
You shoot an arrow. The arrow barely misses the adder.
The adder bites you but does no damage. x3
You shoot an arrow. The arrow closely misses the adder.
The adder barely misses you. The adder bites you but does no damage.
The adder bites you.
You shoot an arrow. The arrow misses the adder.
The adder bites you but does no damage. The adder closely misses you.
The adder bites you.
You are poisoned.
The adder poisons you! The adder bites you.
You shoot an arrow. The arrow hits the adder!
You kill the adder!
You feel very sick. The adder bites you but does no damage.
You have reached level 3!
Your experience leads to an increase in your attributes!
Increase (S)trength, (I)ntelligence, or (D)exterity?
You feel stronger. x2
You shoot an arrow. The arrow barely misses the adder.
You feel sick.
The adder bites you but does no damage. x2
You shoot an arrow.
The arrow hits the adder but does no damage.
You feel sick. The adder bites you.
You die...

#.# #.#.# #.#
#.#.# #.# #.#..
#.#####.#####
#.......#... #
#.......#'##.#
#............#
#.......S....#.
#######@%)...'.
#......#.
#......#
#......#
#......#
######.# .# #


You could see an adder.

Vanquished Creatures
  An adder (D:2)
  A worm (D:2)
  A dart slug (D:1)
  A ball python (D:1)
  2 endoplasms (D:1)
  A giant cockroach (D:1)
  4 goblins
  A hobgoblin (D:2)
  2 bats (D:1)
  2 frilled lizards
  2 kobolds (D:1)
  4 rats
22 creatures vanquished.

Notes
Turn   | Place    | Note
-------+----------+-------------------------------------------
     0 | D:1      | qw the Deep Elf Hunter began the quest for the Orb.
     0 | D:1      | Reached XP level 1. HP: 12/12 MP: 3/3
     0 | D:1      | 0 ||| qw: Version: 0.3-a-9-g12657ce
     0 | D:1      | 0 ||| qw: Game counter: 2152
     0 | D:1      | 0 ||| qw: Always use a shield: true
     0 | D:1      | 0 ||| qw: God list: Okawaru
     0 | D:1      | 0 ||| qw: Allow faded altars: false
     0 | D:1      | 0 ||| qw: Do Orc after D:15 true
     0 | D:1      | 0 ||| qw: Do second Lair branch before Depths: true
     0 | D:1      | 0 ||| qw: Lair rune preference: random
     0 | D:1      | 0 ||| qw: Plans: Normal
     0 | D:1      | 0 ||| PLANNING D:1-11
   298 | D:1      | Reached skill level 6 in Ranged Weapons
   298 | D:1      | Reached XP level 2. HP: 16/16 MP: 4/4
   754 | D:1      | 754 ||| UPGRADING to +0 ring mail.
   764 | D:1      | 764 ||| DROPPING +0 leather armour.
   765 | D:1      | 765 ||| DROPPING ring of magical power.
   766 | D:1      | 766 ||| READING scroll labelled NOEKHL YNLUT.
   767 | D:1      | 767 ||| READING scroll labelled CASIQE WOQIPLU.
   768 | D:1      | 768 ||| READING scroll labelled RIXIRO WABBIMA.
   769 | D:1      | 769 ||| DROPPING scroll of butterflies.
   866 | D:2      | HP: 4/16 [adder (4)]
   868 | D:2      | Reached XP level 3. HP: 2/20 MP: 5/5
   868 | D:2      | HP: 1/20 [poisoned by an adder]
   869 | D:2      | Slain by an adder

Levels and vault maps discovered:
D:1:      minmay_arrival_open_corners, layout_basic, palyth_stone_intersect,
          st_stairs_6, minmay_misc_feat_more_columns,
          hangedman_decor_peaks_small, chequers_serial_rivers_micro_a,
          dreamdust_mushroom_princess
D:2:      layout_basic, chequers_ecumenical_altar_simple,
          chequers_serial_rivers_micro_e

Skill      XL: |  1 |
---------------+----+-----
Ranged Weapons | 6 |  6.8
Fighting       | |  1.5
Dodging        | |  2.4
Stealth        | |  1.2

Action                     || total
---------------------------++-------
   Fire: Shortbow          ||    70
    Use: Scroll            ||     3
 Armour: Leather armour    ||     4
         Ring mail         ||    15
  Dodge: Dodged            ||    22

Table legend:
 A = Non-vault XP
 B = Vault XP
 C = Vault XP percentage of total XP
 D = Non-vault monster count
 E = Vault monster count
 F = Vault count percentage of total count
                 A         B        C        D         E       F
            +---------+---------+-------+---------+---------+-------
      Total |      47 |       4 |   7.8 |      20 |       2 |   9.1
            +---------+---------+-------+---------+---------+-------
        D:1 |      23 |       4 |  14.8 |      14 |       2 |  12.5
        D:2 |      24 |       0 |   0.0 |       6 |       0 |   0.0
            +---------+---------+-------+---------+---------+-------
